 Dungeon Crawl Stone Soup version 0.30-a0-728-gc68057be0a (webtiles) character file.

Game seed: 6715027785726215153

47 jimonade the Shooter (level 3, -2/28 HPs)
             Began as a Formicid Hunter on Jan 31, 2023.
             Slain by Jessica
             ... wielding a +2 dagger of protection
              (5 damage)
             ... on level 2 of the Dungeon.
             The game lasted 00:01:53 (1246 turns).

jimonade the Shooter (Formicid Hunter)              Turns: 1246, Time: 00:01:53

Health: -2/28      AC:  5    Str: 15    XL:     3   Next: 97%
Magic:  3/3        EV: 11    Int:  8    God:
Gold:   149        SH:  0    Dex: 19    Spells: 2/2 levels left

rFire   . . .      SeeInvis +    a - +0 shortbow
rCold   . . .      Faith    .    (no shield)
rNeg    . . .      Spirit   .    f - +0 ring mail
rPois   .          Reflect  .    (helmet unavailable)
rElec   .          Harm     .    (no cloak)
rCorr   .          Rampage  .    (no gloves)
Will    .....                    (no boots)
Stlth   +                        (no amulet)
HPRegen 0.24/turn                (no ring)
MPRegen 0.08/turn                (no ring)

@: no status effects
A: permanent stasis, dig shafts and tunnels, antennae 3, four strong arms
a: Dig, Shaft Self


You were on level 2 of the Dungeon.
You visited 1 branch of the dungeon, and saw 2 of its levels.

You collected 149 gold pieces.

Inventory:

Hand Weapons
 a - a +0 shortbow (weapon)
Missiles
 h - a throwing net
Armour
 c - a +0 leather armour
 f - a +0 ring mail (worn)
Scrolls
 b - a scroll of immolation
 d - 2 scrolls of identify
 g - a scroll of noise {unknown}
Potions
 e - a potion of heal wounds {unknown}
 i - 2 potions of curing


   Skills:
 + Level 2.3 Fighting
 * Level 5.2 Ranged Weapons
 + Level 0.2 Armour
 - Level 1.7 Dodging
 - Level 1.2 Stealth


You had 2 spell levels left.
You didn't know any spells.
Your spell library was empty.

Dungeon Overview and Level Annotations

Branches:
Dungeon (2/15)

Altars:

Annotations:
D:2 Jessica


Innate Abilities, Weirdness & Mutations

You cannot be hasted, slowed, berserked, paralysed or teleported.
You can dig through walls and to a lower floor.
You have a pair of large antennae on your head. (SInv)
Your four strong arms can wield two-handed weapons with a shield.


Message History

Jessica is heavily wounded.
Jessica grins evilly.
Jessica closely misses you.
You shoot an arrow. The arrow hits Jessica.
Jessica is heavily wounded.
Jessica hits you but does no damage.
You shoot an arrow. The arrow closely misses Jessica.
The arrow hits the worm!
You kill the worm!
Jessica hits you with a +2 dagger of protection.
You shoot an arrow.
The arrow hits Jessica but does no damage.
Jessica is heavily wounded.
Jessica very coldly says, "I hate your company."
Jessica hits you but does no damage. Jessica casts a spell at you.
Pain shoots through your body!
You shoot an arrow. The arrow closely misses Jessica.
Jessica hits you with a +2 dagger of protection.
You are too injured to fight recklessly!
You are too injured to fight recklessly!
You are too injured to fight recklessly!
Non-targeted abil: Dig
Press: ? - help, Q - select action, (/) - cycle Dir - look around, f - activate
Okay, then.
Fire: a) +0 shortbow
Press: ? - help, Q - select action, (/) - cycle Shift-Dir - straight line, f/p - Jessica
Aim: Jessica, wielding a +2 dagger of protection and wearing a +2 robe of cold resistance (heavily wounded, 64% to hit)
You shoot an arrow. The arrow barely misses Jessica.
Jessica hits you with a +2 dagger of protection.
* * * LOW HITPOINT WARNING * * *
Fire: a) +0 shortbow
Press: ? - help, Q - select action, (/) - cycle Shift-Dir - straight line, f/p - Jessica
Aim: Jessica, wielding a +2 dagger of protection and wearing a +2 robe of cold resistance (heavily wounded, 64% to hit)
You shoot an arrow.
The arrow hits Jessica but does no damage.
Jessica is heavily wounded.
Jessica hits you with a +2 dagger of protection.
* * * LOW HITPOINT WARNING * * *
Jessica hits you with a +2 dagger of protection.
You die...

..######.#########
................>#
.#######.#######.#
.# #.# #.# .#
#.#######.# ..
#.........# .#
#########.# ## #.#
#@# #@# ........#
........#
........#
........#
........#
.........
...?.....


You could see Jessica.

Vanquished Creatures
  An adder (D:2)
  A worm (D:2)
  6 bats
  3 endoplasms
  7 goblins
  5 hobgoblins
  A quokka (D:1)
  4 ball pythons
  A frilled lizard (D:1)
  5 kobolds
34 creatures vanquished.

Notes
Turn   | Place    | Note
-------+----------+-------------------------------------------
     0 | D:1      | jimonade the Formicid Hunter began the quest for the Orb.
     0 | D:1      | Reached XP level 1. HP: 16/16 MP: 1/1
   108 | D:1      | Reached XP level 2. HP: 22/22 MP: 2/2
   824 | D:2      | Reached XP level 3. HP: 27/27 MP: 3/3
   882 | D:2      | Reached skill level 5 in Ranged Weapons
  1233 | D:2      | Noticed Jessica
  1246 | D:2      | Slain by Jessica

Illustrated notes

Levels and vault maps discovered:
D:1:      beargit_arrival_greenhouse, layout_loops_ring,
          chequers_serial_rivers_small_b, st_stairs_1, chequers_jeans
D:2:      cheibrodos_greedy_goblins, layout_basic, interstate_on_off,
          uniq_jessica

Skill      XL: |  1  2  3 |
---------------+----------+-----
Ranged Weapons | 5 |  5.2
Fighting       | |  2.3
Armour         | |  0.2
Dodging        | |  1.7
Stealth        | |  1.2

Action                     || total
---------------------------++-------
   Fire: Shortbow          ||    70
    Use: Scroll            ||     4
 Armour: Leather armour    ||     2
         Ring mail         ||    14
  Dodge: Dodged            ||    20

Table legend: (Time is in decaauts)
 A = Elapsed time spent in this place.
 B = Non-inter-level travel time spent in this place.
 C = Inter-level travel time spent in this place.
 D = Time resting spent in this place.
 E = Time spent auto-exploring this place.
 F = Levels seen in this place.
 G = Mean time per level.
                   A        B        C        D        E       F      G
               +--------+--------+--------+--------+--------+-----+--------+
         Total |   1271 |   1259 |     12 |    141 |    933 |   2 |  635.5 |
       Dungeon |   1271 |   1259 |     12 |    141 |    933 |   2 |  635.5 |
               +--------+--------+--------+--------+--------+-----+--------+

Top non-repeatable levels by time:
     D:1: 774 daAuts
     D:2: 496 daAuts
